cohdb
Replays
Latest Replays
All Replays
Popular Replays
Top Player Replays
Match Explorer
How It Works
Community
CoH3 Stats
Reddit
Sign in to upload your games and track your stats! →
Sign in with Steam
Match 43664787
Unlisted
Match 43664787
Overview
Messages
Build Orders
End
Kradschützen Motorcycle Team
Selects Italian Infantry
Panzergrenadier Squad
Panzerpioneer Squad
250 Light Carrier
Construct Light Support Kompanie
Panzerjäger Squad
Fire Support Elements
Flakvierling Half-track
Vehicle Survival Package
Selects Guastatori Squad
Selects L6/40 Light Tank Combat Group
le.IG 18 Support Gun Team
◯ | Graffiter
kkyuan
hogarthw
Mandan
clubAfire
Elazer
wuhufly
长官别打我是哥布林
0
0
Comments
sign in to comment!
No comments posted yet!